Map: Terraform LE (Void)

Players

Teebul - Winner!

  • Race: Protoss Protoss
  • League: Diamond

KiFirE

  • Race: Protoss Protoss
  • League: Master

Event: Lycan League Weekly September #1

VOD

Have the link to the VOD?

Description

Time

  • Played on: Sept. 21, 2015, 12:59 p.m.
  • Length: 17:30

All games in this series

Show
View Real Time Build Order
Export as new Build Order

Teebul Protoss - Winner!

Build Orders: Oracle Opening 

Get SALT Encoding   

  12  0:01  Probe (Chrono Boost)  
  13  0:11  Probe (Chrono Boost)  
  14  0:19  Pylon  
  14  0:23  Probe (Chrono Boost)  
  15  0:36  Probe (Chrono Boost)  
  15  0:40  Gateway  
  16  0:46  Probe (Chrono Boost)  
  17  0:53  Assimilator x2  
  17  0:56  Probe (Chrono Boost)  
  18  1:06  Probe (Chrono Boost), Pylon  
  19  1:17  Probe (Chrono Boost)  
  20  1:27  Cybernetics Core, Probe (Chrono Boost)  
  21  1:36  Probe (Chrono Boost)  
  22  1:46  Probe (Chrono Boost)  
  23  1:56  Probe (Chrono Boost)  
  24  2:04  Stalker, Warp Gate  
  24  2:06  Mothership Core (Chrono Boost)  
  28  2:19  Pylon  
  28  2:25  Probe (Chrono Boost)  
  29  2:34  Stalker (Chrono Boost), Stargate  
  31  2:39  Probe  
  32  2:54  Nexus  
  32  2:58  Probe (Chrono Boost)  
  33  3:08  Pylon  
  33  3:16  Oracle (Chrono Boost)  
  33  3:17  Robotics Facility  
  34  3:27  Probe (Chrono Boost)  
  31  3:38  Probe (Chrono Boost)  
  32  3:48  Probe (Chrono Boost)  
  33  3:58  Probe (Chrono Boost)  
  34  4:05  Observer (Chrono Boost)  
  34  4:08  Probe x2 (Chrono Boost)  
  37  4:16  Probe (Chrono Boost), Pylon  
  37  4:18  Probe, Pylon  
  37  4:22  Stalker  
  41  4:26  Probe (Chrono Boost)  
  41  4:27  Observer (Chrono Boost)  
  41  4:30  Probe (Chrono Boost)  
  44  4:37  Probe (Chrono Boost)  
  45  4:40  Pylon  
  45  4:41  Probe (Chrono Boost)  
  46  4:47  Probe (Chrono Boost)  
  46  4:49  Immortal  
  51  4:53  Probe (Chrono Boost)  
  51  4:56  Sentry  
  51  4:57  Probe (Chrono Boost)  
  55  5:03  Probe (Chrono Boost)  
  55  5:05  Forge  
  56  5:07  Probe (Chrono Boost)  
  56  5:09  Assimilator  
  56  5:12  Assimilator  
  56  5:13  Probe (Chrono Boost)  
  58  5:20  Probe (Chrono Boost), Adept  
  61  5:26  Immortal (Chrono Boost)  
  65  5:36  Gateway  
  65  5:40  Gateway  
  65  5:43  Twilight Council  
  65  5:45  Sentry  
  68  5:50  Probe  
  68  5:51  Probe  
  69  6:10  Stalker  
  69  6:11  Immortal (Chrono Boost)  
  75  6:13  Blink (Chrono Boost)  
  75  6:17  Pylon  
  75  6:18  Pylon  
  75  6:39  Stalker x3, Pylon  
  81  6:46  Pylon  
  81  6:49  Immortal  
  85  6:56  Gateway  
  85  6:59  Gateway  
  85  7:02  Stalker x2  
  85  7:04  Adept  
  91  7:21  Protoss Ground Weapons Level 1 (Chrono Boost)  
  88  7:22  Probe  
  88  7:24  Probe  
  88  7:27  Photon Cannon  
  90  7:30  Sentry x3, Photon Cannon  
  90  7:37  Probe  
  97  7:42  Pylon  
  97  7:47  Warp Prism  
  99  7:54  Stalker x3  
  105  8:02  Stalker x2  
  107  8:16  Stalker x2 (Chrono Boost)  
  107  8:22  Stalker x4  
  107  8:24  Stalker  
  117  8:32  Pylon  
  117  8:36  Pylon  
  117  8:37  Observer, Pylon  
  114  8:53  Stalker x4  
  122  9:01  Stalker  
  124  9:12  Dark Shrine  
  124  9:14  Stalker  
  124  9:16  Stalker  
  122  9:34  Nexus  
  122  9:37  Adept  
  122  9:38  Adept  
  126  9:51  Stalker x2  
  130  9:54  Zealot  
  132  10:00  Pylon  
  130  10:16  Probe x2 (Chrono Boost)  
  132  10:26  Probe (Chrono Boost), Dark Templar  
  132  10:27  Dark Templar x3  
  141  10:29  Dark Templar  
  141  10:35  Probe (Chrono Boost)  
  144  10:42  Pylon  
  128  11:25  Stalker x5  
  134  11:29  Photon Cannon  
  134  11:31  Photon Cannon  
  138  11:33  Photon Cannon  
  138  11:34  Photon Cannon x2  
  138  11:35  Protoss Ground Weapons Level 2  
  130  11:50  Stalker x5  
  140  12:03  Pylon  
  140  12:07  Gateway x2  
  140  12:09  Templar Archives  
  130  12:27  Stalker x3  
  130  12:28  Stalker, Dark Templar  
  138  12:37  Archon  
  138  12:48  Pylon  
  138  12:50  Pylon  
  138  12:54  Pylon  
  138  12:56  Pylon  
  138  12:59  Pylon  
  138  13:00  High Templar x3  
  138  13:01  High Templar  
  138  13:02  Zealot  
  138  13:03  Pylon  
  138  13:04  Archon x2  
  148  13:15  Dark Templar  
  148  13:16  Dark Templar  
  152  13:25  Stalker, Void Ray  
  154  13:34  Stalker x3  
  158  13:44  Assimilator  
  158  13:45  Assimilator  
  158  13:46  Pylon  
  154  13:50  Zealot  
  154  13:51  Zealot x3  
  162  14:06  Stalker  
  162  14:07  Stalker x2  
  168  14:18  Stalker x2  
  172  14:26  Stalker  
  174  14:34  Stalker x2, Nexus  
  174  14:35  Pylon  
  170  14:59  Stalker x5  
  162  15:37  Pylon  
  162  15:40  Stalker x3  
  162  15:41  Stalker x3  
  174  15:51  Probe  
  174  15:54  Assimilator  
  175  15:58  Assimilator  
  175  16:01  Probe  
  175  16:03  Zealot  
  178  16:05  Pylon  
  178  16:07  Stalker  
  178  16:10  Probe, High Templar  
  182  16:11  Pylon  
  182  16:14  High Templar  
  182  16:17  Archon  
  185  16:20  Probe  
  186  16:26  Dark Templar  
  186  16:30  Probe  
  191  16:40  Probe  
  191  16:43  High Templar x2  
  191  16:45  Zealot x3  
  200  16:49  Archon  
  200  16:50  Probe  
  200  16:52  Pylon  
  200  16:53  Pylon  
  199  16:55  Observer (Chrono Boost)  
Show
View Real Time Build Order
Export as new Build Order

KiFirE Protoss 

Build Orders: Blink Stalkers, Colossus Rush, Dark Templar Rush 

Get SALT Encoding   

  12  0:00  Probe (Chrono Boost)  
  13  0:11  Probe (Chrono Boost)  
  14  0:19  Pylon  
  14  0:21  Probe (Chrono Boost)  
  15  0:36  Probe (Chrono Boost)  
  15  0:39  Gateway  
  16  0:46  Probe (Chrono Boost)  
  17  0:56  Probe (Chrono Boost)  
  18  0:58  Assimilator  
  18  1:03  Assimilator  
  18  1:06  Probe (Chrono Boost)  
  18  1:10  Gateway  
  19  1:16  Probe (Chrono Boost)  
  20  1:28  Cybernetics Core  
  20  1:29  Probe (Chrono Boost)  
  21  1:40  Probe (Chrono Boost), Pylon  
  22  1:50  Probe (Chrono Boost)  
  23  2:01  Probe (Chrono Boost)  
  23  2:05  Twilight Council, Adept  
  26  2:10  Adept  
  26  2:13  Warp Gate  
  28  2:20  Mothership Core (Chrono Boost)  
  30  2:27  Pylon  
  30  2:43  Probe (Chrono Boost)  
  31  2:51  Dark Shrine  
  31  2:58  Probe (Chrono Boost)  
  32  3:10  Nexus  
  32  3:18  Probe (Chrono Boost)  
  31  3:38  Probe (Chrono Boost)  
  30  3:46  Stalker x2  
  34  3:50  Pylon, Blink (Chrono Boost)  
  34  4:04  Pylon  
  34  4:12  Gateway  
  34  4:13  Gateway  
  34  4:15  Gateway  
  34  4:21  Probe  
  34  4:23  Probe  
  36  4:31  Stalker, Probe  
  38  4:33  Sentry  
  38  4:35  Probe  
  42  4:41  Probe  
  41  4:55  Probe  
  41  4:57  Probe  
  43  5:04  Stalker x2  
  43  5:05  Probe  
  47  5:09  Probe  
  47  5:10  Assimilator  
  47  5:12  Assimilator  
  49  5:14  Stalker  
  49  5:15  Probe  
  52  5:21  Probe  
  52  5:24  Stalker  
  52  5:25  Probe  
  52  5:26  Stalker, Colossus  
  58  5:33  Stalker, Probe  
  61  5:40  Stalker  
  63  5:44  Probe  
  63  5:46  Probe  
  65  5:50  Stargate  
  64  5:57  Stargate  
  62  6:04  Pylon  
  62  6:10  Probe  
  60  6:13  Probe  
  62  6:20  Probe  
  62  6:25  Probe  
  64  6:30  Probe  
  64  6:37  Probe  
  66  6:40  Probe, Void Ray x2  
  66  6:43  Protoss Air Weapons Level 1  
  75  6:50  Probe x2  
  77  7:02  Nexus  
  77  7:06  Pylon  
  70  7:22  Probe  
  68  7:24  Probe  
  70  7:31  Void Ray  
  70  7:32  Probe  
  70  7:35  Void Ray  
  70  7:36  Probe  
  80  7:43  Probe  
  80  7:48  Probe  
  82  7:53  Probe  
  83  8:03  Probe x2, Robotics Facility  
  79  8:13  Probe  
  79  8:15  Probe  
  79  8:16  Void Ray  
  79  8:19  Adept  
  85  8:20  Adept x2  
  85  8:24  Adept  
  89  8:32  Adept  
  91  8:37  Void Ray (Chrono Boost)  
  88  8:49  Adept x4  
  92  9:03  Pylon  
  92  9:15  Pylon  
  92  9:20  Pylon  
  86  9:31  Void Ray (Chrono Boost)  
  86  9:33  Immortal, Pylon  
  92  9:54  Adept  
  92  9:55  Adept x3  
  100  10:01  Pylon  
  100  10:03  Void Ray (Chrono Boost)  
  100  10:06  Dark Shrine  
  101  10:20  Pylon  
  101  10:30  Adept  
  101  10:31  Adept x3  
  109  10:36  Pylon  
  109  10:39  Adept  
  111  10:49  Oracle  
  111  11:11  Oracle  
  96  11:18  Oracle  
  99  11:48  Nexus  
  99  13:00  Probe  
  99  13:05  Robotics Facility  
  100  13:23  Probe  
  96  13:35  Probe  
  94  13:53  Observer  
  95  13:58  Void Ray  
  99  14:04  Probe x2  
  101  14:16  Probe  
  102  14:28  Pylon  
  102  14:37  Probe  
  102  14:46  Probe  
  102  14:47  Probe  
  101  14:58  Probe  
  83  15:25  Probe  
  83  15:27  Probe  
  82  15:31  Immortal  
  82  15:34  Adept  
  82  15:35  Adept x2  
  92  15:40  Nexus  
  92  15:41  Assimilator  
  92  15:46  Probe  
  92  15:48  Probe  
  94  15:55  Pylon  
  94  15:56  Probe  
  94  16:00  Probe  
  96  16:05  Adept  
  96  16:06  Sentry  
  100  16:22  Probe  
  100  16:24  Probe  
  102  16:31  Immortal  
  106  16:36  Probe  
  104  16:42  Probe  
  105  16:48  Probe  
  106  16:55  Forge  
  106  16:56  Probe  
  106  16:57  Probe  
  108  17:15  Probe  

Tags
 
Add a new tag
Caveats
  • Supply blocks, unpowered buildings, or Contaminate may cause inaccurate times.
  • Supply counts are checked every 10 seconds.